 Dungeon Crawl Stone Soup version 0.28.0-45-g0d030f2227 (webtiles) character file.

Game seed: 1370032692488537218

102 protoss039 the Cudgeller (level 4, 0/28 HPs)
             Began as a Gargoyle Gladiator on Apr 13, 2022.
             Slain by a gnoll
             ... wielding a +2 spear of venom
              (2 damage)
             ... on level 2 of the Dungeon.
             The game lasted 00:02:06 (1635 turns).

protoss039 the Cudgeller (Gargoyle Gladiator)       Turns: 1635, Time: 00:02:07

Health: 0/28       AC: 11    Str: 19    XL:     4   Next: 77%
Magic:  4/4        EV: 10    Int:  9    God:
Gold:   57         SH:  0    Dex: 11    Spells: 3/3 levels left

rFire   . . .      SeeInvis .   m - +1 spear (flame)
rCold   . . .      Faith    .   (no shield)
rNeg    + . .      Spirit   .   l - +0 scale mail
rPois   ∞          Reflect  .   c - +0 helmet
rElec   +          Harm     .   (no cloak)
rCorr   .          Rampage  .   (no gloves)
Will    .....                   (no boots)
Stlth   ..........              (no amulet)
HPRegen 0.09/turn               (no ring)
MPRegen 0.09/turn               (no ring)

@: no status effects
A: sickness immunity, AC +3, negative energy resistance 1, electricity
resistance, torment resistance 1, petrification resistance
a: no special abilities


You were on level 2 of the Dungeon.
You visited 1 branch of the dungeon, and saw 2 of its levels.

You collected 57 gold pieces.

Inventory:

Hand Weapons
 a - a +0 flail
 m - a +1 spear of flaming (weapon)
Missiles
 d - 3 throwing nets (quivered)
Armour
 c - a +0 helmet (worn)
 l - a +0 scale mail (worn)
Scrolls
 b - a scroll of noise {unknown}
 f - 4 scrolls of identify {unknown}
 h - 2 scrolls of fear {unknown}
 j - a scroll of teleportation {unknown}
 k - a scroll of magic mapping {unknown}
Potions
 e - 2 potions of heal wounds {unknown}
 g - a potion of brilliance {unknown}
 i - 3 potions of curing {unknown}
 n - a potion of might {unknown}


   Skills:
 + Level 3.2 Fighting
 + Level 3.6 Maces & Flails
 - Level 2.0 Throwing
 + Level 2.1 Armour
 - Level 3.0 Dodging


You had 3 spell levels left.
You didn't know any spells.
Your spell library contained the following spells:

 Spells                   Type           Power      Damage    Failure   Level
 Stone Arrow              Conj/Erth      0%         3d7       98%         3
 Animate Armour           Summ/Erth      0%         N/A       100%        4
 Lehudib's Crystal Spear  Conj/Erth      0%         10d2      100%        8


Dungeon Overview and Level Annotations

Branches:
Dungeon (2/15)

Altars:

Annotations:
D:2 1 runed translucent door, Crazy Yiuf, Sigmund


Innate Abilities, Weirdness & Mutations

You are immune to sickness and miasma.
Your stone body is resilient. (AC +3)
You are immune to poison.
You resist negative energy. (rN+)
You are resistant to electric shocks. (rElec)
You are resistant to unholy torment.
You are immune to petrification.


Message History

You hit the gnoll. You burn the gnoll.
The gnoll is lightly wounded.
The gnoll closely misses you.
Unknown command.
You hit the gnoll. You burn the gnoll.
The gnoll is moderately wounded.
The gnoll hits you with a +0 whip.
Unknown command.
You are too injured to fight recklessly!
Unknown command.
You are too injured to fight recklessly!
Unknown command.
You are too injured to fight recklessly!
Throw: 3 throwing nets
Press: ? - help, Q - select action Shift-Dir - straight line, f/p - gnoll
Aim: a gnoll, wielding a +0 whip (moderately wounded, 61% to hit)
Okay, then.
Reach: m) +1 spear (flame)
Press: ? - help, Dir - move target, f/p - gnoll
Aim: a gnoll, wielding a +0 whip (moderately wounded, about 36% to evade your +1 spear of flaming)
You hit the gnoll. You burn the gnoll.
The gnoll is heavily wounded.
The gnoll closely misses you.
A gnoll comes into view. It is wielding a +2 spear of venom.
Reach: m) +1 spear (flame)
Press: ? - help, Dir - move target, f/p - gnoll
Aim: a gnoll, wielding a +0 whip (heavily wounded, about 36% to evade your +1 spear of flaming)
You barely miss the gnoll.
The gnoll is heavily wounded.
The gnoll hits you with a +0 whip. The gnoll hits you but does no damage.
Sigmund the Dreaded comes into view.
He is wielding a +0 scythe and wearing a +2 robe of positive energy.
The gnoll closely misses you.
Unknown command.
Sigmund shouts!
The gnoll hits you from afar with a +2 spear of venom!
* * * LOW HITPOINT WARNING * * *
Unknown command.
Unknown command.
The gnoll hits you from afar with a +2 spear of venom.
You die...

#<..# ## #. #.#
.#### ##### #.#
...# #.# #†# # ..#
#.# #.# #...#.#
#.### ##.###
#..#.#####.##.
##....#
#..#..........
#.†.#.#
#)..#####....
#..##@####.##.#
##...
#).g....##.##.#
#...
#.#..g...#....#
##.#
...#.>....'....#
#..
..####@.....######
#.. ... #......#
#.. .. '........#
#.. . ###......#
#.. #.###### ###


You could see Sigmund and 2 gnolls.

Vanquished Creatures
  A hound skeleton (D:2)
  4 gnolls
  2 worms (D:2)
  2 dart slugs
  6 ball pythons
  4 bats
  A bat skeleton (D:2)
  3 endoplasms
  A giant cockroach (D:1)
  2 goblins (D:2)
  4 hobgoblins
  4 jackals (D:1)
  A kobold (D:1)
  A quokka (D:1)
  A frilled lizard (D:1)
  4 rats
41 creatures vanquished.

Notes
Turn   | Place    | Note
-------+----------+-------------------------------------------
     0 | D:1      | protoss039 the Gargoyle Gladiator began the quest for the
                  | Orb.
     0 | D:1      | Reached XP level 1. HP: 12/12 MP: 1/1
   342 | D:1      | Reached XP level 2. HP: 17/17 MP: 2/2
   599 | D:1      | Reached XP level 3. HP: 22/22 MP: 3/3
   689 | D:1      | Reached skill level 1 in Armour
   804 | D:2      | Found a runed translucent door.
   805 | D:2      | Noticed Crazy Yiuf
   839 | D:2      | Found a faded altar of an unknown god.
  1114 | D:2      | Reached XP level 4. HP: 19/27 MP: 4/4
  1632 | D:2      | Noticed Sigmund
  1635 | D:2      | Slain by a gnoll

Illustrated notes

Levels and vault maps discovered:
D:1:      onia_arrival_mini_maze_b, layout_rooms
D:2:      layout_basic, ebering_ecumenical_altar_petrified, st_stairs_2,
          uniq_sigmund, uniq_crazy_yiuf_cottage

Skill      XL: |  1  2  3  4 |
---------------+-------------+-----
Throwing       | 2 |  2.0
Armour         | 1 2 |  2.1
Dodging        | 3 |  3.0
Fighting       | 3 |  3.2
Maces & Flails | |  3.6

Action                   |  1- 3 |  4- 6 || total
-------------------------+-------+-------++-------
Melee: Flail             |    82 |     2 ||    84
       Spear             |       |    54 ||    54
Throw: Throwing net      |     4 |       ||     4
Armor: Leather armour    |    36 |       ||    36
       Scale mail        |     8 |    32 ||    40
Dodge: Dodged            |    70 |    39 ||   109
